Map: [ESL] Hard Lead

Players

Spirit - Winner!

  • Race: Terran Terran
  • Spawn Location: 5:00

Reynor

  • Race: Zerg Zerg
  • Spawn Location: 11:00

Event: ESL SC2 Masters 2023 Winter (Regional)

VOD

Have the link to the VOD?

Description

Time

  • Played on: Nov. 1, 2023, 11:29 a.m.
  • Length: 10:49

All games in this series

Show
View Real Time Build Order
Export as new Build Order

Spirit Terran - Winner!

Build Orders: Command Center First, Hellion Banshee 

Get SALT Encoding   

  12  0:00  SCV  
  13  0:12  SCV  
  14  0:16  Supply Depot  
  14  0:24  SCV  
  15  0:38  SCV  
  16  0:50  SCV  
  17  0:59  Command Center  
  17  1:02  SCV  
  18  1:12  Barracks  
  18  1:15  SCV  
  19  1:20  Refinery  
  19  1:27  SCV  
  19  1:29  Refinery  
  20  1:39  SCV  
  21  1:59  Orbital Command, Reaper  
  22  2:11  Orbital Command  
  22  2:19  Factory  
  22  2:25  SCV, Supply Depot  
  23  2:32  Barracks Reactor  
  23  2:36  SCV  
  24  2:37  SCV  
  25  2:48  SCV  
  25  2:49  SCV  
  27  2:54  Command Center  
  27  3:00  SCV  
  27  3:01  SCV  
  27  3:05  Starport  
  29  3:12  SCV  
  32  3:13  Hellion  
  32  3:14  Hellion  
  32  3:15  SCV  
  35  3:20  Barracks Tech Lab  
  35  3:24  SCV  
  36  3:27  SCV  
  39  3:34  Hellion  
  39  3:35  Hellion  
  39  3:36  SCV, Supply Depot  
  42  3:41  SCV  
  43  3:48  Barracks Tech Lab  
  43  3:49  SCV  
  43  3:53  SCV  
  43  3:54  Cloaking Field  
  45  3:58  Banshee, Hellion  
  45  4:01  Hellion  
  45  4:02  SCV  
  53  4:06  SCV  
  53  4:07  Orbital Command  
  54  4:11  Marine  
  54  4:14  Stimpack, SCV  
  56  4:18  SCV  
  56  4:20  Hellion  
  56  4:22  Hellion  
  61  4:26  Supply Depot, SCV  
  61  4:29  Marine  
  61  4:30  SCV  
  64  4:32  Orbital Command  
  64  4:37  Refinery  
  66  4:38  SCV  
  66  4:40  Banshee  
  68  4:48  Barracks, SCV  
  68  4:49  Factory Reactor  
  68  4:50  SCV, Supply Depot  
  68  4:51  Barracks, Refinery  
  68  4:52  Marine  
  71  4:58  SCV  
  71  4:59  Engineering Bay  
  72  5:00  SCV, Engineering Bay  
  72  5:02  SCV  
  72  5:06  Supply Depot  
  74  5:10  SCV  
  74  5:13  Barracks, SCV  
  76  5:15  Barracks, SCV  
  77  5:21  Marine  
  77  5:23  SCV  
  77  5:25  SCV  
  77  5:27  SCV  
  81  5:28  Terran Infantry Weapons Level 1, Terran Infantry Armor Level 1  
  81  5:31  Supply Depot  
  81  5:34  Starport Reactor  
  81  5:35  SCV  
  82  5:39  Siege Tank  
  82  5:40  Marine  
  82  5:41  SCV  
  82  5:42  SCV  
  88  5:47  SCV  
  88  5:50  Marine x3, Supply Depot  
  88  5:51  Bunker, Marine  
  88  5:53  SCV  
  88  5:54  SCV  
  94  5:57  Combat Shield  
  94  5:58  Marine  
  94  6:01  Barracks Reactor, SCV  
  94  6:03  Barracks Reactor  
  96  6:08  Marine  
  96  6:10  Marine, SCV  
  99  6:12  Siege Tank, SCV  
  99  6:14  Marine  
  99  6:17  SCV  
  99  6:18  Supply Depot  
  105  6:19  Supply Depot  
  105  6:21  Medivac  
  105  6:22  SCV  
  105  6:23  Refinery  
  105  6:24  Refinery  
  108  6:25  Marine  
  108  6:32  Supply Depot  
  109  6:33  Supply Depot x2  
  109  6:37  Armory  
  109  6:39  Marauder, SCV, Marine x4  
  115  6:40  Marine  
  115  6:44  Siege Tank  
  120  6:49  Bunker, SCV  
  120  6:50  Marine  
  120  6:52  SCV  
  120  6:54  Marine x2  
  124  6:56  Medivac  
  124  6:57  Marine x5  
  124  7:01  Marauder  
  134  7:07  Marine  
  134  7:08  Medivac  
  137  7:11  Marine  
  137  7:12  Marine  
  137  7:14  Barracks  
  139  7:15  Barracks  
  139  7:16  Barracks  
  139  7:20  Supply Depot  
  139  7:22  Supply Depot  
  139  7:24  Marine  
  139  7:26  Medivac  
  139  7:27  Marauder, Marine  
  145  7:31  Siege Tank  
  148  7:37  Marine  
  148  7:41  Terran Infantry Weapons Level 2  
  148  7:42  Medivac, Marine x4  
  155  7:46  Terran Infantry Armor Level 2  
  155  7:49  Marine x3, Marauder  
  160  7:55  Marine  
  161  7:59  Marine x3  
  161  8:00  Marine  
  161  8:02  Marine  
  161  8:03  Siege Tank, Marine  
  161  8:05  Marine  
  156  8:09  Marine  
  156  8:12  Marine x4, SCV  
  145  8:17  Marine x3  
  145  8:18  Marine  
  145  8:19  Marine  
  144  8:21  Marine  
  144  8:23  Marine  
  144  8:24  SCV  
  133  8:27  Marine  
  133  8:30  Marine x3  
  129  8:35  Marine  
  129  8:36  Siege Tank  
  129  8:38  Marine  
  129  8:40  Marine  
  135  8:42  Medivac x2  
  135  8:43  Marine  
  128  8:49  Marine x6  
  128  8:50  Marine  
  128  8:52  Marine  
  128  8:53  Marine  
  130  8:56  Marine  
  130  8:58  Marine  
  130  9:00  Marine  
  132  9:07  Marine x6  
  132  9:08  Marine  
  133  9:10  Marine  
  133  9:12  Siege Tank, Medivac, Marine  
  133  9:14  Marine  
  133  9:15  Marine  
  137  9:18  Marine  
  124  9:25  Marine x6  
  124  9:26  Marine  
  124  9:27  Marine, Medivac  
  124  9:29  Marine  
  135  9:32  Marine  
  135  9:33  Marine  
  135  9:36  Marine  
  135  9:38  SCV x2  
  140  9:42  Medivac  
  140  9:43  Marine x6  
  149  9:46  Marine  
  149  9:50  Supply Depot x3  
  149  9:53  Marine  
  149  9:54  SCV  
  149  9:56  SCV  
  149  9:57  Medivac  
  142  10:06  Siege Tank  
  132  10:08  Marauder, Marine x7  
  132  10:11  Marine  
  132  10:12  SCV, Medivac  
  145  10:18  Marine x2  
  145  10:20  Sensor Tower  
  145  10:21  Marine  
  148  10:25  Marine x3  
Show
View Real Time Build Order
Export as new Build Order

Reynor Zerg 

Build Orders: Hatch First 

Get SALT Encoding   

  12  0:00  Drone  
  13  0:11  Overlord  
  13  0:16  Drone  
  14  0:30  Drone x2  
  16  0:47  Hatchery  
  15  0:50  Drone  
  15  0:54  Drone  
  15  0:56  Drone  
  18  1:08  Extractor  
  17  1:12  Spawning Pool  
  17  1:15  Drone  
  17  1:18  Drone  
  18  1:27  Drone  
  19  1:37  Drone  
  20  1:48  Overlord  
  20  1:59  Queen x2  
  20  2:00  Drone x2  
  26  2:10  Drone x2  
  28  2:20  Drone  
  28  2:21  Drone  
  30  2:24  Hatchery  
  29  2:31  Drone x2  
  29  2:36  Queen  
  33  2:42  Overlord  
  33  2:45  Drone  
  33  2:49  Queen  
  36  2:52  Overlord  
  36  3:00  Drone  
  36  3:04  Drone x2  
  39  3:08  Drone x4  
  39  3:09  Drone  
  39  3:10  Drone  
  45  3:15  Queen  
  45  3:18  Overlord  
  47  3:21  Drone  
  47  3:25  Queen  
  50  3:28  Drone  
  50  3:29  Drone  
  50  3:32  Metabolic Boost  
  52  3:37  Queen  
  52  3:38  Drone  
  55  3:42  Drone x2  
  55  3:45  Drone x2  
  55  3:47  Drone  
  55  3:48  Drone  
  61  3:53  Queen  
  63  3:57  Overlord  
  63  3:58  Zergling x2  
  63  3:59  Zergling x2  
  63  4:00  Drone  
  66  4:08  Overlord  
  66  4:15  Drone x2, Lair  
  66  4:16  Drone x4  
  72  4:18  Overlord  
  72  4:23  Zergling x2  
  73  4:25  Zergling x2  
  73  4:27  Overlord  
  73  4:28  Extractor, Queen  
  73  4:31  Zergling x6  
  77  4:35  Overlord  
  80  4:39  Drone x2, Spore Crawler  
  80  4:40  Drone  
  80  4:41  Drone  
  80  4:44  Drone  
  82  4:46  Spore Crawler  
  82  4:47  Spore Crawler  
  82  4:49  Drone x3  
  83  4:53  Drone x2  
  83  4:56  Extractor  
  83  4:57  Extractor  
  83  4:58  Drone  
  84  5:00  Overlord  
  84  5:03  Zergling x2  
  84  5:04  Queen  
  84  5:05  Hatchery  
  84  5:07  Zergling x4  
  88  5:11  Drone x3  
  88  5:13  Overseer  
  91  5:14  Drone  
  91  5:17  Drone  
  91  5:18  Drone, Evolution Chamber  
  91  5:19  Drone  
  91  5:20  Evolution Chamber  
  93  5:21  Zergling x4  
  93  5:25  Overlord  
  95  5:28  Drone  
  95  5:30  Drone  
  97  5:36  Extractor x2  
  97  5:39  Zergling x2, Drone x2  
  97  5:40  Overlord  
  97  5:41  Drone x2  
  100  5:43  Roach Warren  
  100  5:49  Zerg Missile Weapons Level 1, Zerg Ground Armor Level 1  
  99  5:50  Overlord  
  99  5:53  Drone x2  
  101  5:58  Overseer  
  101  6:03  Overlord  
  101  6:04  Overseer  
  101  6:07  Overlord x3  
  101  6:08  Drone x3  
  101  6:09  Spore Crawler  
  101  6:12  Spore Crawler  
  101  6:15  Spore Crawler  
  100  6:23  Overlord x2  
  100  6:24  Drone x2  
  103  6:28  Glial Reconstitution  
  103  6:39  Overlord  
  103  6:43  Roach x11  
  103  6:44  Roach  
  127  6:50  Roach x3  
  133  6:55  Roach x3  
  133  6:56  Roach  
  133  6:58  Roach  
  149  7:01  Roach x5  
  149  7:05  Roach  
  155  7:09  Spore Crawler  
  155  7:10  Roach x2  
  155  7:11  Roach  
  160  7:16  Drone  
  160  7:17  Roach x2  
  160  7:19  Nydus Network, Roach x4  
  172  7:24  Overlord  
  172  7:26  Roach x2  
  176  7:31  Overlord  
  176  7:34  Roach x4  
  176  7:35  Zergling x6  
  187  7:37  Ravager x4  
  187  7:38  Ravager  
  187  7:42  Overlord  
  192  7:45  Zergling x2, Roach x2  
  192  7:46  Ravager  
  192  7:48  Zergling x4  
  200  7:56  Nydus Canal  
  179  8:06  Roach x9  
  185  8:14  Roach x4  
  180  8:21  Ravager  
  180  8:23  Roach x4  
  171  8:28  Roach x3  
  171  8:30  Zergling x6  
  171  8:34  Roach  
  168  8:36  Nydus Canal  
  168  8:38  Zergling x2, Roach x2  
  168  8:39  Queen  
  175  8:46  Roach  
  175  8:48  Roach x2  
  162  8:50  Roach  
  156  8:57  Ravager x2  
  156  8:58  Zergling x2, Roach x2  
  163  9:04  Extractor  
  163  9:06  Roach x2  
  163  9:08  Ravager  
  162  9:11  Ravager  
  162  9:13  Zergling x20, Roach  
  162  9:19  Roach  
  162  9:21  Roach  
  150  9:25  Roach x2  
  150  9:28  Ravager  
  150  9:30  Nydus Canal  
  153  9:36  Extractor, Ravager  
  153  9:38  Zergling x2, Roach x3  
  160  9:42  Zergling x14, Roach x3  
  173  9:46  Roach  
  173  9:49  Ravager  
  173  9:51  Roach x2  
  180  9:59  Roach x2  
  159  10:02  Roach x3  
  130  10:07  Roach x4  
  130  10:10  Roach x4  
  130  10:11  Roach x2  
  150  10:14  Roach x2  
  150  10:21  Zergling x4  
  155  10:24  Ravager x2  
  155  10:25  Ravager  
  155  10:26  Zergling x4  
  159  10:29  Roach  
  159  10:32  Nydus Canal  
Tags
 
Add a new tag
Caveats
  • Supply blocks, unpowered buildings, or Contaminate may cause inaccurate times.
  • Supply counts are checked every 10 seconds.